 Dungeon Crawl Stone Soup version 0.24.0-1-gfbc8707 (webtiles) character file.

Game seed: 12318751059773513776, levelgen mode: deterministic

43 7bone the Chopper (level 3, -2/30 HPs)
             Began as a Minotaur Gladiator on Dec 4, 2019.
             Slain by an iguana (14 damage)
             ... on level 4 of the Dungeon.
             The game lasted 00:04:49 (1304 turns).

7bone the Chopper (Minotaur Gladiator)              Turns: 1304, Time: 00:04:49

Health: -2/30      AC:  2    Str: 19    XL:     3   Next: 37%
Magic:  2/2        EV: 13    Int:  5    God:
Gold:   69         SH:  0    Dex: 11    Spells: 2/2 levels left

rFire    . . .     SeeInvis .   a - +0 war axe
rCold    . . .     Gourm    .   (no shield)
rNeg     . . .     Faith    .   m - +0 robe (curse)
rPois    .         Spirit   .   c - +0 hat
rElec    .         Reflect  .   (no cloak)
rCorr    .         Harm     .   (no gloves)
MR       .....                  (no boots)
Stlth    +.........             (no amulet)
HPRegen  0.10/turn              (no ring)
MPRegen  0.08/turn              (no ring)

@: no status effects
A: retaliatory headbutt, horns 2
a: no special abilities


You were on level 4 of the Dungeon.
You were not hungry.

You visited 1 branch of the dungeon, and saw 3 of its levels.

You collected 69 gold pieces.

Inventory:

Hand Weapons
 a - a +0 war axe (weapon)
Missiles
 d - 2 throwing nets (quivered)
Armour
 b - a +0 leather armour
 c - a +0 hat (worn)
 m - a cursed +0 robe (worn)
 o - a +0 plate armour
 s - a +0 robe
 t - a +3 leather armour
 u - a +0 scale mail
Scrolls
 e - a scroll of magic mapping {unknown}
 g - 4 scrolls of identify {unknown}
 h - 4 scrolls of enchant weapon {unknown}
 i - 2 scrolls of enchant armour {unknown}
 l - 2 scrolls of teleportation {unknown}
 n - a scroll of blinking {unknown}
 p - a scroll of remove curse {unknown}
Potions
 j - a potion of degeneration {unknown}
 k - 2 potions of might {unknown}
 q - a potion of magic {unknown}
Comestibles
 f - 3 rations
 r - a chunk of flesh


   Skills:
 + Level 2.6 Fighting
 + Level 4.5 Axes
 + Level 2.1 Throwing
 + Level 1.1 Armour
 + Level 3.8 Dodging


You had 2 spell levels left.
You didn't know any spells.
Your spell library was empty.

Dungeon Overview and Level Annotations

Branches:
Dungeon (2/15)

Altars:


Innate Abilities, Weirdness & Mutations

You reflexively headbutt those who attack you in melee.
You have a pair of horns on your head.


Message History

You finish taking off your +0 plate armour.
You start putting on your armour.
You continue putting on your robe. x5
You finish putting on your cursed +0 robe.
Oops, that feels deathly cold.
Your cursed +0 robe is stuck to your body!
Found 13 bolts.
You now have 69 gold pieces (gained 5).
Some of the chunks of flesh in your inventory have rotted away.
You see here a scale mail.
u - a scale mail Your cursed +0 robe is stuck to your body!
An iguana comes into view.
The iguana hisses angrily.
You see here 13 bolts.
The iguana bites you. The iguana bites you! The iguana bites you!
You barely miss the iguana. The iguana barely misses you.
You barely miss the iguana. The iguana bites you!
You die...

.........# .........# ##
... .........##.##..#
.............#..#
..........#.....##
.........##......# #
..........#......###..
.......@l.##........#
##........(........#
..........#........#
....%................#
...##........#........##
..............##.........#
%.........##......####....
..........##......# ...
..................# ..


You could see an iguana.

Vanquished Creatures
  A worm (D:4)
  3 dart slugs
  A leopard gecko (D:1)
  7 bats
  2 giant cockroaches
  3 goblins (D:1)
  3 hobgoblins (D:1)
  3 jackals (D:1)
  A frilled lizard (D:1)
  3 kobolds (D:1)
  A leopard gecko skeleton (D:4)
  3 rats
31 creatures vanquished.

Notes
Turn   | Place    | Note
-------+----------+-------------------------------------------
     0 | D:1      | 7bone the Minotaur Gladiator began the quest for the Orb.
     0 | D:1      | Reached XP level 1. HP: 18/18 MP: 0/0
   313 | D:1      | Reached skill level 4 in Axes
   313 | D:1      | Reached XP level 2. HP: 19/25 MP: 1/1
   541 | D:1      | Reached skill level 1 in Armour
   989 | D:1      | Reached XP level 3. HP: 26/30 MP: 2/2
  1173 | D:2      | You fall into a shaft and drop 2 floors!
  1304 | D:4      | Slain by an iguana

Levels and vault maps discovered:
D:1:      evilmike_arrival_plus, layout_basic
D:2:      layout_rooms, gammafunk_temple_overflow_wave, first_ration,
          amethyst_killhole, led_sif_pool, uniq_jessica
D:4:      layout_cave_pools, minmay_temple_entry_antechambers, uniq_natasha

Skill      XL: |  1  2 |
---------------+-------+-----
Axes           | 4 |  4.5
Armour         | 1 |  1.1
Fighting       | |  2.6
Throwing       | |  2.1
Dodging        | |  3.8

Action                   || total
-------------------------++-------
Melee: War axe           ||    65
       Headbutt          ||     6
Throw: Throwing net      ||     1
  Eat: Chunk             ||     1
Armor: Leather armour    ||    11
       Plate armour      ||    44
Dodge: Dodged            ||    45
